 Dungeon Crawl Stone Soup version 0.29-a0-575-g0dc89cf053 (webtiles) character file.

Game seed: 11880318305054180330

1812 Zonian the Covert (level 9, -4/45 (47) HPs)
             Began as a Vine Stalker Brigand on June 13, 2022.
             Was an Initiate of Yredelemnul.
             Slain by a two-headed ogre
             ... wielding a +0 giant club
              (10 damage)
             ... on level 7 of the Dungeon.
             The game lasted 00:18:28 (6391 turns).

Zonian the Covert (Vine Stalker Brigand)            Turns: 6391, Time: 00:18:30

HP:   -4/45 (47)    AC:  7    Str: 21    XL:     9   Next: 10%
MP:   0/10          EV: 14    Int: 11    God:    Yredelemnul [......]
Gold: 106           SH:  0    Dex: 19    Spells: 8/8 levels left

rFire   + . .      SeeInvis .   v - +3 short sword (speed)
rCold   . . .      Faith    .   (no shield)
rNeg    . . .      Spirit   +   C - +0 leather armour {rF+}
rPois   .          Reflect  .   (no helmet)
rElec   .          Harm     .   c - +0 cloak
rCorr   .          Rampage  .   i - +0 pair of gloves
Will    +....                   u - +1 pair of boots
Stlth   ++++......              (no amulet)
HPRegen 0.95/turn               l - +6 ring of strength
MPRegen 0.12/turn               (no ring)

@: lightly drained
A: fangs 3, regeneration 1, magic shield, antimagic bite, no potion heal 2
a: Renounce Religion, Recall Undead Harvest


You were on level 7 of the Dungeon.
You worshipped Yredelemnul.
Yredelemnul was noncommittal.
You visited 1 branch of the dungeon, and saw 7 of its levels.

You collected 286 gold pieces.
You spent 180 gold pieces at shops.

Inventory:

Hand Weapons
 a - a +2 dagger
 j - a +2 quarterstaff of chaos
 q - a +1 vampiric whip
 v - a +3 short sword of speed (weapon)
 z - a +2 vampiric whip
Missiles
 d - 17 poisoned darts (quivered)
 e - 3 curare-tipped darts
Armour
 b - a +0 robe
 c - a +0 cloak (worn)
 i - a +0 pair of gloves (worn)
 o - a +1 scale mail of cold resistance
 u - a +1 pair of boots (worn)
 y - a +0 leather armour
 C - a +0 leather armour of fire resistance (worn)
Magical Staves
 E - a staff of air
Jewellery
 l - a +6 ring of strength (left hand)
Wands
 t - a wand of charming (18)
 x - a wand of iceblast (2)
Scrolls
 h - 4 scrolls of fear
 n - a scroll of teleportation
 w - a scroll of immolation
 A - a scroll of amnesia
 F - a scroll of enchant armour
Potions
 f - 4 potions of curing
 g - 2 potions of resistance
 k - 2 potions of attraction
 m - 6 potions of might
 p - 3 potions of mutation
 r - 3 potions of brilliance
 s - a potion of magic
 B - a potion of lignification
 D - a potion of ambrosia {unknown}


   Skills:
 + Level 5.0 Fighting
 + Level 5.0 Short Blades
 - Level 2.9 Throwing
 + Level 1.6 Armour
 + Level 4.2 Dodging
 + Level 8.4 Stealth
 + Level 2.6 Evocations


You had 8 spell levels left.
You didn't know any spells.
Your spell library contained the following spells:

 Spells                   Type           Power      Damage    Failure   Level
 Summon Lightning Spire   Summ/Air       0%         N/A       99%         4
 Storm Form               Tmut/Air       0%         N/A       100%        7
 Maxwell's Capacitive Co  Air            0%         ∞         100%        8


Dungeon Overview and Level Annotations

Branches:
Dungeon (7/15)             Temple (0/1) D:5

Altars:
Qazlal
Trog
Xom
Yredelemnul
Zin

Shops:
D:5 !!

Annotations:
D:4 3 runed translucent doors, DocClef's ghost, weakling GnDe


Innate Abilities, Weirdness & Mutations

You have razor-sharp teeth.
Your natural rate of healing is unusually fast.
When hurt, damage is shared between your health and your magic reserves.
Your bite disrupts and absorbs the magic of your enemies.
Potions cannot restore your health.


Message History

There is a fountain of clear blue water here.
You swap places.
Done exploring.
Unknown command.
You open the door.
There is an open door here.
Done exploring.
Unknown command.
(D) Dungeon (T) Temple
Where to? (Enter - D:5 @ (x,y), ? - help)
There is a stone staircase leading down here.
You climb downwards.
Your mindless puppet stays behind to rot.
There is a stone staircase leading up here.
Unknown command.
A two-headed ogre comes into view. It is wielding two +0 giant clubs.
A two-headed ogre is nearby!
Unknown command.
The helpless two-headed ogre fails to defend itself.
You stick the two-headed ogre like a pincushion!!!
The two-headed ogre is severely wounded.
Unknown command.
You barely miss the two-headed ogre.
The two-headed ogre is severely wounded.
The two-headed ogre hits you with a +0 giant club!!
The two-headed ogre completely misses you.
You hit the two-headed ogre. You bite the two-headed ogre. You drain its power.
You feel invigorated.
The two-headed ogre is almost dead.
Unknown command.
You barely miss the two-headed ogre.
The two-headed ogre is almost dead.
You hit the two-headed ogre. Your bite misses the two-headed ogre.
The two-headed ogre is almost dead.
The two-headed ogre hits you with a +0 giant club!!
Ouch! That really hurt!
* * * LOW HITPOINT WARNING * * *
The two-headed ogre hits you with a +0 giant club!
You die...
Your body rises from the dead as a mindless zombie.

.# .#.#
. .# ##.
.# #..
.# #.#
.#
###.##O#
#....@.#
#.#.####
#.# #<#
###


You could see a two-headed ogre.

Vanquished Creatures
  A water moccasin (D:6)
  A black bear (D:4)
  A centaur (D:4)
  2 phantoms
  Blork the orc (D:5)
  A bullfrog (D:6)
  A necrophage (D:6)
  2 scorpions
  3 wights (D:6)
  A howler monkey (D:6)
  A hound (D:6)
  4 orc priests
  Crazy Yiuf (D:3)
  Jessica (D:3)
  Natasha (D:3)
  2 iguanas
  10 orc wizards
  Robin (D:2)
  3 gnolls (D:5)
  13 adders
  A shadow imp (D:5)
  2 ufetubi (D:5)
  A worm (D:2)
  A dart slug (D:5)
  17 orcs
  8 endoplasms
  2 giant cockroaches
  15 goblins
  9 hobgoblins
  9 jackals
  2 quokkas
  9 ball pythons
  8 bats
  2 frilled lizards (D:3)
  9 kobolds
  3 rats
149 creatures vanquished.

Vanquished Creatures (collateral kills)
  An orc wizard (D:5)
  An ufetubus (D:5)
  2 dart slugs
  4 orcs
  2 ball pythons
  2 endoplasms
  A giant cockroach (D:1)
  A goblin (D:2)
  2 hobgoblins
  A quokka (D:1)
  A frilled lizard (D:2)
18 creatures vanquished.

Vanquished Creatures (others)
  A scorpion zombie (D:6)
  A howler monkey zombie (D:6)
  An adder zombie (D:1)
  2 bat zombies
  2 ball python zombies
  An endoplasm zombie (D:3)
  A frilled lizard zombie (D:3)
  A giant cockroach zombie (D:1)
  4 goblin zombies (D:2)
  3 hobgoblin zombies
  6 orc zombies
23 creatures vanquished.

Grand Total: 190 creatures vanquished

Notes
Turn   | Place    | Note
-------+----------+-------------------------------------------
     0 | D:1      | Zonian the Vine Stalker Brigand began the quest for the
                  | Orb.
     0 | D:1      | Reached XP level 1. HP: 11/11 MP: 2/2
   186 | D:1      | Reached skill level 1 in Dodging
   186 | D:1      | Reached XP level 2. HP: 9/15 MP: 3/3
   189 | D:1      | Reached skill level 5 in Stealth
   376 | D:1      | Found a faded altar of an unknown god.
   685 | D:1      | Prayed at the altar of an unknown god.
   685 | D:1      | Became a worshipper of Yredelemnul the Dark
   685 | D:1      | Reached * piety under Yredelemnul
   940 | D:1      | Reached XP level 3. HP: 18/18 MP: 4/4
  1213 | D:2      | Noticed Robin
  1243 | D:2      | Killed Robin
  1249 | D:2      | Gained mutation: Your natural rate of healing is unusually
                  | fast. [Vine Stalker growth]
  1249 | D:2      | Reached XP level 4. HP: 10/23 MP: 3/5
  1721 | D:2      | Reached ** piety under Yredelemnul
  2114 | D:3      | Reached XP level 5. HP: 27/27 MP: 6/6
  2290 | D:3      | Noticed a phantom
  2314 | D:3      | Killed a phantom
  2365 | D:3      | Noticed Jessica
  2367 | D:3      | Killed Jessica
  2368 | D:3      | Reached XP level 6. HP: 32/32 MP: 7/7
  2451 | D:3      | Reached skill level 6 in Stealth
  2623 | D:3      | Noticed Natasha
  2636 | D:3      | Killed Natasha
  2922 | D:3      | Found a runed translucent door.
  2923 | D:3      | Noticed Crazy Yiuf
  3009 | D:3      | Reached *** piety under Yredelemnul
  3210 | D:3      | Killed Crazy Yiuf
  3271 | D:4      | Noticed DocClef's ghost (weakling GnDe)
  3272 | D:4      | Found a runed translucent gate.
  3272 | D:4      | Found a runed translucent gate.
  3272 | D:4      | Found a runed translucent gate.
  3389 | D:4      | Reached XP level 7. HP: 8/36 MP: 8/8
  3775 | D:4      | Reached skill level 7 in Stealth
  3814 | D:4      | Found a stormy altar of Qazlal.
  4249 | D:5      | Entered Level 5 of the Dungeon
  4263 | D:5      | Found Pivvur Xibb's Distillery.
  4273 | D:5      | Bought a potion of magic for 96 gold pieces
  4273 | D:5      | Bought a potion of might for 48 gold pieces
  4273 | D:5      | Bought a potion of curing for 36 gold pieces
  4365 | D:5      | Found Amuomas's Distillery.
  4501 | D:5      | Found a bloodstained altar of Trog.
  4521 | D:5      | Noticed Blork the orc
  4529 | D:5      | Killed Blork the orc
  4530 | D:5      | Gained mutation: You have razor-sharp teeth. [Vine Stalker
                  | growth]
  4530 | D:5      | Reached XP level 8. HP: 42/42 MP: 9/9
  4546 | D:5      | Found a staircase to the Ecumenical Temple.
  4728 | D:5      | Reached skill level 1 in Evocations
  5227 | D:6      | Noticed an angel
  5228 | D:6      | Found a glowing silver altar of Zin.
  5242 | D:6      | Found a shimmering altar of Xom.
  5344 | D:6      | Found a sand-covered staircase.
  5413 | D:6      | Reached skill level 8 in Stealth
  5598 | D:6      | Reached skill level 1 in Armour
  5937 | D:6      | Reached XP level 9. HP: 46/46 MP: 10/10
  6199 | D:6      | Reached skill level 5 in Fighting
  6199 | D:6      | Reached skill level 5 in Short Blades
  6384 | D:7      | Noticed a two-headed ogre
  6391 | D:7      | Slain by a two-headed ogre

Illustrated notes

Levels and vault maps discovered:
D:1:      lemuel_arrival_muddy, layout_basic, chequers_ecumenical_altar_island,
          amcnicky_mini_rare_corridor_liquid
D:2:      layout_loops_corners, uniq_robin
D:3:      minmay_chambers_of_threes, layout_loops_corners,
          grunt_decor_one_mirror, minmay_misc_feat_chi, minmay_close_crescents,
          uniq_crazy_yiuf_cottage, uniq_natasha, uniq_jessica
D:4:      layout_basic, grunt_qazlal_clouds, gammafunk_ghost_split,
          minmay_box_of_dots
D:5:      layout_basic, lightli_temple_of_fire, minmay_temple_entry_offerings,
          serial_shops, shop_statue, shop, uniq_blork_the_orc
D:6:      layout_basic, grunt_temple_overflow_order_and_chaos_1,
          enter_ossuary_1, grunt_decor_mini_mirrors, minmay_misc_feat_rugged
D:7:      layout_basic, gammafunk_temple_overflow_wave,
          nicolae_shop_firing_range

Skill      XL: |  1  2  3  4  5  6  7  8  9 |
---------------+----------------------------+-----
Dodging        | 1 2 3 4 |  4.2
Stealth        | 5 6 7 8 |  8.4
Short Blades   | 2 3 4 5 |  5.0
Fighting       | 2 3 4 5 |  5.0
Throwing       | 2 |  2.9
Evocations     | 2 |  2.6
Armour         | 1 |  1.6

Action                   |  1- 3 |  4- 6 |  7- 9 || total
-------------------------+-------+-------+-------++-------
Melee: Dagger            |    83 |   104 |       ||   187
       Bite              |    23 |    39 |    64 ||   126
       Punch             |     1 |       |     2 ||     3
       Short sword       |       |    62 |   212 ||   274
Throw: Dart              |       |     1 |       ||     1
Invok: Recall Undead Har |       |       |     1 ||     1
Evoke: Wand              |       |     1 |     2 ||     3
  Use: Scroll            |       |    15 |     4 ||    19
 Stab: Sleeping          |     2 |    21 |    11 ||    34
Armor: Robe              |    17 |    44 |    11 ||    72
       Leather armour    |       |       |    24 ||    24
Dodge: Dodged            |    45 |    75 |    91 ||   211

Table legend: (Time is in decaauts)
 A = Elapsed time spent in this place.
 B = Non-inter-level travel time spent in this place.
 C = Inter-level travel time spent in this place.
 D = Time resting spent in this place.
 E = Time spent auto-exploring this place.
 F = Levels seen in this place.
 G = Mean time per level.
                   A        B        C        D        E       F      G
               +--------+--------+--------+--------+--------+-----+--------+
         Total |   7086 |   6887 |    199 |    822 |   4742 |   7 | 1012.3 |
       Dungeon |   7086 |   6887 |    199 |    822 |   4742 |   7 | 1012.3 |
               +--------+--------+--------+--------+--------+-----+--------+

Top non-repeatable levels by time:
     D:3: 1346 daAuts
     D:6: 1203 daAuts
     D:5: 1199 daAuts
     D:1: 1160 daAuts
     D:2: 1101 daAuts
     D:4: 1068 daAuts
     D:7: 7 daAuts
